 Dungeon Crawl Stone Soup version 0.23.2-1-ga50397a (webtiles) character file.

Game seed: 10619237295779683350

9 Iscandelvey the Conjurer (level 2, 19/19 HPs)
             Began as a Demonspawn Conjurer on Apr 15, 2019.
             Quit the game on level 1 of the Dungeon.
             The game lasted 00:02:17 (624 turns).

Iscandelvey the Conjurer (Demonspawn Conjurer)       Turns: 624, Time: 00:02:18

Health: 19/19      AC:  2    Str:  8    XL:     2   Next: 3%
Magic:  0/5        EV: 12    Int: 16    God:
Gold:   27         SH:  0    Dex: 13    Spells: 4/5 levels left

rFire    . . .     SeeInvis .   b - +0 dagger
rCold    . . .     Gourm    .   (no shield)
rNeg     . . .     Faith    .   a - +0 robe
rPois    .         Spirit   .   (no helmet)
rElec    .         Reflect  .   (no cloak)
rCorr    .         Harm     .   (no gloves)
MR       .....                  (no boots)
Stlth    ++........             (no amulet)
HPRegen  0.06/turn              (no ring)
MPRegen  0.09/turn              (no ring)

@: very slightly contaminated
A: spiny 1
a: no special abilities


You were on level 1 of the Dungeon.
You were not hungry.

You visited 1 branch of the dungeon, and saw 1 of its levels.

You collected 27 gold pieces.

Inventory:

Hand Weapons
 b - a +0 dagger (weapon)
Missiles
 d - a stone (quivered)
Armour
 a - a +0 robe (worn)
Jewellery
 j - an uncursed amulet of the acrobat {unknown}
Scrolls
 g - a scroll of teleportation {unknown}
 h - a scroll of magic mapping {unknown}
Potions
 e - a potion of curing {unknown}
 i - a potion of degeneration {unknown}
Comestibles
 c - 2 rations


   Skills:
 + Level 2.0 Dodging
 - Level 1.7 Stealth
 + Level 2.2 Spellcasting
 + Level 4.1 Conjurations


You had 4 spell levels left.
You knew the following spells:

 Your Spells              Type           Power        Failure   Level  Hunger
a - Magic Dart            Conj           ###.         3%          1    #......

Your spell library contained the following spells:

 Spells                   Type           Power        Failure   Level  Hunger
 Searing Ray              Conj           ###...       5%          2    ###....
 Dazzling Spray           Conj/Hex       #.....       26%         3    ###....
 Iskenderun's Mystic Bla  Conj           ###.....     36%         4    #####..
 Force Lance              Conj/Tloc      #.......     65%         4    #####..
 Fulminant Prism          Conj/Hex       #.........   65%         4    #####..


Dungeon Overview and Level Annotations

Branches:
Dungeon (1/15)

Altars:


Innate Abilities, Weirdness & Mutations

You are partially covered in sharp spines.


Message History

Casting: Magic Dart (safe; 3% risk of failure)
Confirm with . or Enter, or press ? or * to list all spells.
You don't have enough magic to cast that spell.
Unknown command.
You barely miss the hobgoblin.
The hobgoblin is severely wounded.
The hobgoblin closely misses you.
You hit the hobgoblin but do no damage.
The hobgoblin is severely wounded.
The hobgoblin completely misses you.
You hit the hobgoblin but do no damage.
The hobgoblin is severely wounded.
The hobgoblin completely misses you.
You hit the hobgoblin.
You kill the hobgoblin!
You have reached level 2!
Your demonic ancestry asserts itself...
Sharp spines emerge from parts of your body.
You see here a +0 falchion.
Are you sure you want to abandon this character and quit the game? (Confirm with "yes".)

#.#.######. ... ######.#.#...##.
... ..........)...... ..
..........########.#.###.##.
...###.........# #.#......#.
#.g.#.........>### #.#####..#.
#................# #..........
#....).........#.###############.
#..............+@#.#.#.#.#.#.#.#.
#..............##..........)....#
#..............#..........#......
#.......[......##.......#.......#
######'##...####......#....#.....
#..........# ##...#...........#
#..........# #..#...#.#.#.#....
#...รท......# ##...............#
#..........# #...#..#.<.#..#...


There were no monsters in sight!

Vanquished Creatures
  2 hobgoblins (D:1)
  A ball python (D:1)
  4 bats (D:1)
  2 kobolds (D:1)
  A rat (D:1)
10 creatures vanquished.

Notes
Turn   | Place    | Note
-------+----------+-------------------------------------------
     0 | D:1      | Iscandelvey the Demonspawn Conjurer began the quest for the
                  | Orb.
     0 | D:1      | Reached XP level 1. HP: 13/13 MP: 3/3
   622 | D:1      | Gained mutation: You are partially covered in sharp spines.
                  | [demonic ancestry]
   622 | D:1      | Reached XP level 2. HP: 19/19 MP: 0/5
   624 | D:1      | Quit the game

Skill      XL: |  1 |
---------------+----+-----
Dodging        | 2 |  2.0
Stealth        | |  1.7
Spellcasting   | |  2.2
Conjurations   | |  4.1

Action                   || total
-------------------------++-------
Melee: Dagger            ||    32
 Cast: Magic Dart        ||     8
 Stab: Sleeping          ||     2
Armor: Robe              ||    15
Dodge: Dodged            ||    27
